 Dungeon Crawl Stone Soup version 0.23.2-30-g0e89c35649 (webtiles) character file.

Game seed: 16576871494805903205

48 doot the Gusty (level 3, -1/19 HPs)
             Began as a Tengu Air Elementalist on June 25, 2019.
             Slain by an orc
             ... wielding a +0 club
              (3 damage)
             ... on level 1 of the Dungeon.
             The game lasted 00:02:44 (1275 turns).

doot the Gusty (Tengu Air Elementalist)             Turns: 1275, Time: 00:02:44

Health: -1/19      AC:  2    Str:  8    XL:     3   Next: 72%
Magic:  6/8        EV: 13    Int: 16    God:
Gold:   65         SH:  0    Dex: 14    Spells: 6/7 levels left

rFire    . . .     SeeInvis .   j - +2 dagger (venom)
rCold    . . .     Gourm    .   (no shield)
rNeg     . . .     Faith    .   a - +0 robe
rPois    .         Spirit   .   (helmet restricted)
rElec    .         Reflect  .   (no cloak)
rCorr    .         Harm     .   (no gloves)
MR       .....                  (boots unavailable)
Stlth    +.........             (no amulet)
HPRegen  0.06/turn              l - ring of attention (curse)
MPRegen  0.11/turn              (no ring)

@: no status effects
A: beak, talons 3
a: no special abilities


You were on level 1 of the Dungeon.
You were not hungry.

You visited 1 branch of the dungeon, and saw 2 of its levels.

You collected 65 gold pieces.

Inventory:

Hand Weapons
 j - a +2 dagger of venom (weapon)
Armour
 a - a +0 robe (worn)
Jewellery
 l - a cursed ring of attention (left hand)
Scrolls
 b - 3 scrolls of remove curse {unknown}
 e - a scroll of teleportation {unknown}
 f - a scroll of immolation {unknown}
 h - a scroll of enchant armour {unknown}
 i - a scroll of enchant weapon {unknown}
Potions
 g - a potion of curing {unknown}
 k - a potion of mutation {unknown}
Comestibles
 c - a ration
 d - 2 chunks of flesh


   Skills:
 + Level 0.4 Short Blades
 + Level 2.3 Dodging
 + Level 2.0 Stealth
 + Level 2.7 Spellcasting
 + Level 2.3 Conjurations
 + Level 4.6 Air Magic


You had 6 spell levels left.
You knew the following spells:

 Your Spells              Type           Power        Failure   Level  Hunger
a - Shock                 Conj/Air       ##..         4%          1    #......

Your spell library contained the following spells:

 Spells                   Type           Power        Failure   Level  Hunger
 Swiftness                Chrm/Air       #.......     11%         2    ##.....
 Static Discharge         Conj/Air       ##......     14%         3    ###....
 Airstrike                Air            ###.......   28%         4    #####..
 Lightning Bolt           Conj/Air       ##........   77%         5    ######.


Dungeon Overview and Level Annotations

Branches:
Dungeon (2/15)

Altars:


Innate Abilities, Weirdness & Mutations

You have a beak for a mouth.
You have claws for feet.


Message History

The orc hits you but does no damage.
The orc priest calls down the wrath of Beogh upon you.
You barely resist.
The orc priest looks encouraged for a moment.
The orc priest miscasts a cantrip.
Found a leather armour.
The orc priest mumbles some strange prayers to Beogh against you.
Beogh smites you!
Ouch! That really hurt!
* * * LOW HITPOINT WARNING * * *
There is an escape hatch in the ceiling here.
The orc hits you but does no damage.
The orc priest looks braver for a moment.
A mysterious force pulls you upwards. The hatch slams shut behind you.
Unknown command.
You hit the orc.
The orc is poisoned.
Your kick misses the orc. Your peck misses the orc.
The orc is moderately wounded.
The orc hits you with a +0 club.
You die...

###..##########.##.#.#
######..# #####.##...#
#.......# #.........##
#.##.####
###.###.###.# #.##.#
#...........# #.##.#
###.#########.# ..##.#
#.....# #.#
####.#####.....### #.#
#...........o@# #.#
#######.....#.# #.#
#.....#.# #.#
###.###.#####.# #.#
#.......# #.#
#######.# #.#######
#.# #.......# #.#
##......# #.#


You could see an orc.

Vanquished Creatures
  An adder (D:2)
  2 worms (D:2)
  2 orcs (D:2)
  A giant cockroach (D:1)
  3 hobgoblins
  3 jackals (D:1)
  A quokka (D:2)
  6 bats
  4 frilled lizards
  4 goblins
  A kobold (D:1)
  5 rats
33 creatures vanquished.

Notes
Turn   | Place    | Note
-------+----------+-------------------------------------------
     0 | D:1      | doot the Tengu Air Elementalist began the quest for the
                  | Orb.
     0 | D:1      | Reached XP level 1. HP: 10/10 MP: 4/4
   394 | D:1      | Reached XP level 2. HP: 7/15 MP: 1/6
  1022 | D:2      | Reached XP level 3. HP: 19/19 MP: 2/7
  1275 | D:1      | Slain by an orc

Skill      XL: |  1  2 |
---------------+-------+-----
Conjurations   | 2 |  2.3
Short Blades   | |  0.4
Dodging        | |  2.3
Stealth        | |  2.0
Spellcasting   | |  2.7
Air Magic      | |  4.6

Action                   || total
-------------------------++-------
Melee: Dagger            ||    20
       Kick              ||     5
       Peck              ||     3
 Cast: Shock             ||    56
  Eat: Chunk             ||     2
Armor: Robe              ||     4
Dodge: Dodged            ||    13
